 Dungeon Crawl Stone Soup version 0.27.0-1-g7a089689b8 (webtiles) character file.

Game seed: 806464893010903497

718 Arex the Skirmisher (level 7, 0/66 HPs)
             Began as a Naga Fighter on Aug 9, 2021.
             Was a Follower of Uskayaw.
             Killed from afar by Dowan (13 damage)
             ... with a stone arrow
             ... on level 5 of the Dungeon.
             The game lasted 00:11:31 (4973 turns).

Arex the Skirmisher (Naga Fighter)                  Turns: 4973, Time: 00:11:32

Health: 0/66       AC: 12    Str: 20    XL:     7   Next: 70%
Magic:  6/9        EV:  4    Int:  8    God:    Uskayaw [*.....]
Gold:   72         SH:  9    Dex: 11    Spells: 6/6 levels left

rFire    + . .     SeeInvis +   a - +1 war axe
rCold    x . .     Faith    .   c - +0 kite shield
rNeg     . . .     Spirit   .   r - +0 chain mail
rPois    +         Reflect  .   t - +2 helmet
rElec    .         Harm     .   s - +0 cloak
rCorr    .         Rampage  .   (no gloves)
Will     +....                  (no barding)
Stlth    ..........             (no amulet)
HPRegen  0.21/turn              o - ring of fire
MPRegen  0.11/turn              y - ring of willpower

@: very slow
A: AC +2, large, see invisible, deformed body, poison resistance, slowness 2,
spit poison 1, naga tail 1
a: Spit Poison, Renounce Religion, Stomp


You were on level 5 of the Dungeon.
You worshipped Uskayaw.
Uskayaw was noncommittal.
You visited 1 branch of the dungeon, and saw 5 of its levels.

You collected 162 gold pieces.
You spent 90 gold pieces at shops.

Inventory:

Hand Weapons
 a - a +1 war axe (weapon)
Armour
 b - a +0 scale mail
 c - a +0 kite shield (worn)
 r - a +0 chain mail (worn)
 s - a +0 cloak (worn)
 t - a +2 helmet (worn)
Jewellery
 o - a ring of fire (left hand)
 y - a ring of willpower (right hand)
 B - an amulet of faith
Wands
 v - a wand of acid (8)
 z - a wand of mindburst (10)
Scrolls
 e - a scroll of brand weapon {unknown}
 g - a scroll of enchant weapon
 k - 2 scrolls of fear
 m - a scroll of fog {unknown}
 p - a scroll of noise {unknown}
 q - a scroll of identify {unknown}
 u - 2 scrolls of magic mapping
 A - a scroll of acquirement {unknown}
Potions
 d - a potion of might
 f - a potion of berserk rage {unknown}
 h - a potion of haste {unknown}
 i - 2 potions of heal wounds {unknown}
 j - a potion of lignification {unknown}
 l - 2 potions of brilliance {unknown}
 n - a potion of attraction {unknown}
 w - a potion of degeneration {unknown}
 x - a potion of curing


   Skills:
 + Level 4.6 Fighting
 + Level 4.1 Axes
 + Level 3.9 Armour
 - Level 1.0 Dodging
 + Level 3.8 Shields
 + Level 3.2 Invocations


You had 6 spell levels left.
You didn't know any spells.
Your spell library was empty.

Dungeon Overview and Level Annotations

Branches:
Dungeon (5/15)
 Temple: D:4-7

Altars:
Cheibriados
Gozag
Hepliaklqana
Kikubaaqudgha
Makhleb
Qazlal
Ru
Uskayaw
Zin

Annotations:
D:5 Dowan


Innate Abilities, Weirdness & Mutations

Your serpentine skin is tough. (AC +2)
You have supernaturally acute eyesight. (SInv)
Armour fits poorly on your strangely shaped body.
Your system is resistant to poisons. (rPois)
You cover ground very slowly.
You can spit poison.
You have a snake-like lower body.


Message History

Dowan blinks!
You block Duvessa's attack.
You hit Duvessa but do no damage.
Duvessa is almost dead.
Duvessa barely misses you. Duvessa completely misses you.
You hit Duvessa but do no damage.
Duvessa is almost dead.
Duvessa hits you with a +0 short sword. You block Duvessa's attack.
You can no longer pass through a line of other dancers.
You barely miss Duvessa.
Duvessa is almost dead.
Duvessa hits you with a +0 short sword.
Dowan gestures wildly while chanting.
Dowan blinks!
Duvessa hits you but does no damage.
You hit Duvessa.
Duvessa is almost dead.
Duvessa hits you with a +0 short sword! Duvessa hits you but does no damage.
Dowan casts a spell.
Dowan blinks!
You hit Duvessa but do no damage.
Duvessa is almost dead.
You closely miss Dowan.
Duvessa says, "When magic and the sword combine, nothing stands against them."
You block Duvessa's attack. Duvessa barely misses you.
Dowan gestures at you while chanting. The puff of frost hits you!
You feel a terrible chill!
* * * LOW HITPOINT WARNING * * *
Duvessa hits you with a +0 short sword.
* * * LOW HITPOINT WARNING * * *
You stomp with the beat, sending a shockwave through the revellers around you!
You kill Duvessa!
Dowan seems overcome with grief, but rights himself reflexively soon after.
Dowan seems to find hidden reserves of power!
Dowan is moderately wounded.
You can no longer stomp with the beat.
Dowan hits you but does no damage. x2
You can now stomp with the beat.
You feel better. Dowan casts a spell at you. The stone arrow hits you!
You die...

.............#
#).....#
#.#########.##
#....... ............#
#.#..... #############
#.#..... #.#.....
########.......
##......e.......
##########...#####.#.
# #......e@)>..#
#########.########...#
..........# ##### #
########### #. ...
..... ....# ####


You could see Dowan (fast).

Vanquished Creatures
  Duvessa (D:5)
  An ogre (D:4)
  An ice beast (D:5)
  A scorpion (D:4)
  A water moccasin zombie (D:5)
  A bullfrog zombie (D:3)
  A hound (D:4)
  Ijyb (D:5)
  Terence (D:2)
  An iguana (D:4)
  A hound skeleton (D:4)
  Robin (D:3)
  5 adders
  An ufetubus (D:5)
  2 worms
  3 dart slugs
  3 orcs
  10 endoplasms
  5 giant cockroaches
  15 hobgoblins
  3 jackals (D:3)
  6 quokkas (D:1)
  3 ball pythons
  12 bats
  6 frilled lizards
  14 goblins
  5 kobolds
  6 rats
111 creatures vanquished.

Notes
Turn   | Place    | Note
-------+----------+-------------------------------------------
     0 | D:1      | Arex the Naga Fighter began the quest for the Orb.
     0 | D:1      | Reached XP level 1. HP: 21/21 MP: 1/1
   246 | D:1      | Reached XP level 2. HP: 28/28 MP: 2/2
   683 | D:1      | Found a faded altar of an unknown god.
   706 | D:1      | Became a worshipper of Uskayaw the Reveller
   706 | D:1      | Reached * piety under Uskayaw
   790 | D:1      | You fall into a shaft and drop 1 floor!
   795 | D:2      | Noticed Terence
   796 | D:2      | Reached XP level 3. HP: 34/34 MP: 3/3
  1218 | D:2      | Reached ** piety under Uskayaw
  1219 | D:2      | Reached skill level 1 in Dodging
  1401 | D:2      | Killed Terence
  1402 | D:2      | Reached XP level 4. HP: 42/42 MP: 4/4
  2148 | D:3      | Reached skill level 1 in Invocations
  2148 | D:3      | Reached XP level 5. HP: 49/49 MP: 5/5
  2651 | D:3      | Found a snail-covered altar of Cheibriados.
  2922 | D:3      | Noticed Robin
  2934 | D:3      | Killed Robin
  2937 | D:3      | Reached *** piety under Uskayaw
  3155 | D:4      | Reached XP level 6. HP: 57/57 MP: 7/7
  3200 | D:4      | Found a stormy altar of Qazlal.
  4057 | D:4      | Reached XP level 7. HP: 64/64 MP: 8/8
  4120 | D:4      | Found a burning altar of Makhleb.
  4123 | D:4      | Found an opulent altar of Gozag.
  4127 | D:4      | Found a hazy altar of Hepliaklqana.
  4130 | D:4      | Found a sacrificial altar of Ru.
  4157 | D:4      | Found Zin's Purification Station.
  4160 | D:4      | Found a glowing silver altar of Zin.
  4165 | D:4      | Bought a potion of curing for 90 gold pieces
  4291 | D:5      | Entered Level 5 of the Dungeon
  4476 | D:5      | Found an ancient bone altar of Kikubaaqudgha.
  4736 | D:5      | Noticed Ijyb
  4748 | D:5      | Killed Ijyb
  4761 | D:5      | Noticed Dowan
  4948 | D:5      | Noticed Duvessa
  4972 | D:5      | Killed Duvessa
  4973 | D:5      | Killed from afar by Dowan

Illustrated notes

Levels and vault maps discovered:
D:1:      mrwooster_arrival_statue, layout_basic,
          hellmonk_ecumenical_altar_run_dry, minmay_close_crescents
D:2:      layout_rooms, uniq_terence
D:3:      layout_rooms, cheibrodos_worm_habitat, uniq_robin
D:4:      minmay_door_path, layout_basic, zin_purify, grunt_qazlal_clouds,
          grunt_temple_overflow_cloverleaf, roderic_batcave
D:5:      layout_loops_ring, lemuel_crystal_altar,
          nicolae_kikubaaqudgha_miasma_corner, minmay_misc_feat_secret_circle,
          uniq_ijyb, uniq_duvessa

Skill      XL: |  1  2  3  4  5  6  7 |
---------------+----------------------+-----
Dodging        | 1 |  1.0
Shields        | 3 |  3.8
Armour         | 3 |  3.9
Invocations    | 1 2 3 |  3.2
Axes           | 3 4 |  4.1
Fighting       | 4 |  4.6

Action                   |  1- 3 |  4- 6 |  7- 9 || total
-------------------------+-------+-------+-------++-------
Melee: War axe           |    94 |   164 |    57 ||   315
Invok: Stomp             |       |       |     3 ||     3
 Abil: Spit Poison       |    18 |    32 |    14 ||    64
  Use: Scroll            |       |     1 |     4 ||     5
       Potion            |       |       |     1 ||     1
 Stab: Paralysed         |       |     4 |       ||     4
Armor: Scale mail        |    57 |    23 |       ||    80
       Chain mail        |       |    81 |    43 ||   124
Dodge: Dodged            |    30 |    35 |     8 ||    73
Block: Kite shield       |    61 |   104 |    36 ||   201
